 Dungeon Crawl Stone Soup version 0.24-a0-190-g063869c372 (webtiles) character file.

Game seed: 16634594540490691610

123 MrRokkomies the Chucker (level 5, 48/57 HPs)
             Began as an Ogre Hunter on Mar 18, 2019.
             Was a Follower of Vehumet.
             Quit the game on level 2 of the Dungeon.
             The game lasted 00:04:30 (2058 turns).

MrRokkomies the Chucker (Ogre Hunter)               Turns: 2058, Time: 00:04:30

Health: 48/57      AC:  3    Str: 16    XL:     5   Next: 7%
Magic:  5/5        EV: 10    Int: 12    God:    Vehumet [*.....]
Gold:   79         SH:  0    Dex: 10    Spells: 4/4 levels left

rFire    . . .     SeeInvis .   v - +4 club
rCold    . . .     Gourm    .   (no shield)
rNeg     . . .     Faith    .   b - +0 robe
rPois    .         Spirit   .   (helmet restricted)
rElec    .         Reflect  .   (no cloak)
rCorr    .         Harm     .   (gloves unavailable)
MR       .....                  (boots unavailable)
Stlth    +.........             (no amulet)
HPRegen  0.19/turn              (no ring)
MPRegen  0.09/turn              (no ring)

@: no status effects
A: large, unfitting armour, tough skin 1
a: Renounce Religion


You were on level 2 of the Dungeon.
You worshipped Vehumet.
Vehumet was aware of your devotion.
You were hungry.

You visited 1 branch of the dungeon, and saw 2 of its levels.

You collected 79 gold pieces.

Inventory:

Hand Weapons
 a - a +0 short sword
 v - a +4 club (weapon)
Missiles
 c - 4 large rocks
 d - 2 throwing nets
 h - 66 stones (quivered)
 m - 14 poisoned needles
Armour
 b - a +0 robe (worn)
Jewellery
 l - an uncursed ring of fire
Scrolls
 e - a scroll of enchant weapon {unknown}
 g - 2 scrolls of teleportation {unknown}
 j - 3 scrolls of identify {unknown}
 r - a scroll of fear {unknown}
 u - a scroll of blinking {unknown}
Potions
 i - a potion of experience {unknown}
 k - a potion of resistance {unknown}
 n - a potion of curing {unknown}
 o - a potion of haste {unknown}
 p - a potion of berserk rage {unknown}
 q - a potion of invisibility {unknown}
 s - 2 potions of magic {unknown}
 t - a potion of mutation {unknown}
 w - a potion of degeneration {unknown}
 x - a potion of lignification {unknown}
Comestibles
 f - 2 rations


   Skills:
 * Level 5.1 Fighting
 * Level 5.2 Throwing
 - Level 1.7 Dodging
 - Level 0.6 Stealth


You had 4 spell levels left.
You didn't know any spells.
Your spell library was empty.

Dungeon Overview and Level Annotations

Branches:
Dungeon (2/15)

Altars:
Vehumet


Innate Abilities, Weirdness & Mutations

You are too large for most types of armour.
You have tough skin. (AC +1)


Message History

The ooze is severely wounded.
The ooze hits you but does no damage.
You thump the ooze!
You kill the ooze!
There is a faded altar of an unknown god here.
You cannot tell which god this altar belongs to.
Convert to them anyway?
Okay, then.
You cannot tell which god this altar belongs to.
Convert to them anyway?
Vehumet accepts your prayer! Vehumet welcomes you!
You can now gain magical power from killing.
Vehumet offers you knowledge of Sting.
Okay, then.
Unknown command.
Press < or > to pray at altars.
Quiver which item? (- for none, * to show all) (? for menu, Esc to quit)
Okay, then.
Unknown command.
Press < or > to pray at altars.
Are you sure you want to abandon this character and quit the game? (Confirm with "yes".)

.# .. #....## .. ##
#..#..######### ..
...#≈..≈.≈≈..≈...### ..
###..#≈.≈..≈≈.≈.≈...[ .
....#.≈≈≈≈≈≈≈≈≈≈..#
#..#..≈≈≈≈≈≈≈≈≈.≈# .
####..#≈.≈≈≈≈≈≈≈≈≈..# ####
.. ........≈≈≈≈.≈7≈≈≈≈.#
.... ##
###..†.≈≈≈≈≈@.≈≈≈..# ####
## #.....≈≈≈≈.≈≈≈≈≈.# # .#
##.#≈≈≈≈≈≈≈≈≈≈≈≈.# #
.#######.#.≈≈≈≈≈≈≈≈≈≈..# #
..........≈≈≈≈≈≈≈≈≈≈≈..# #
.#######.#.≈≈≈≈..≈...≈≈# #
(# #.#...≈.≈.≈≈≈..≈# # .#
#.###########.############
.# #.# .# #.........


There were no monsters in sight!

Vanquished Creatures
  A hound (D:2)
  Jessica (D:2)
  An adder (D:2)
  2 oozes
  A worm (D:2)
  4 dart slugs (D:1)
  A leopard gecko (D:1)
  4 bats
  3 giant cockroaches
  2 goblins (D:1)
  9 hobgoblins
  A frilled lizard (D:1)
  5 kobolds (D:1)
  5 rats
40 creatures vanquished.

Notes
Turn   | Place    | Note
-------+----------+-------------------------------------------
     0 | D:1      | MrRokkomies the Ogre Hunter began the quest for the Orb.
     0 | D:1      | Reached XP level 1. HP: 22/22 MP: 1/1
    44 | D:1      | Reached XP level 2. HP: 19/31 MP: 2/2
   407 | D:1      | Reached XP level 3. HP: 38/39 MP: 3/3
  1251 | D:2      | Reached XP level 4. HP: 49/49 MP: 4/4
  1628 | D:2      | Reached skill level 5 in Throwing
  1854 | D:2      | Noticed Jessica
  1855 | D:2      | Killed Jessica
  1855 | D:2      | Reached skill level 5 in Fighting
  1980 | D:2      | Reached XP level 5. HP: 57/57 MP: 5/5
  2030 | D:2      | Found a faded altar of an unknown god.
  2057 | D:2      | Became a worshipper of Vehumet
  2057 | D:2      | Reached * piety under Vehumet
  2057 | D:2      | Offered knowledge of Sting by Vehumet.
  2058 | D:2      | Quit the game

Levels and vault maps discovered:
D:1:      wander_arrival_fairy_ring, layout_loops_ring
D:2:      layout_loops_ring, chequers_ecumenical_altar_island, uniq_jessica

Skill      XL: |  1  2  3  4 |
---------------+-------------+-----
Fighting       | 3 4 5 |  5.1
Throwing       | 5 |  5.2
Dodging        | |  1.7
Stealth        | |  0.6

Action                   |  1- 3 |  4- 6 || total
-------------------------+-------+-------++-------
Melee: Short sword       |   110 |    30 ||   140
       Club              |       |    18 ||    18
Throw: Large rock        |     1 |     1 ||     2
       Stone             |       |     6 ||     6
 Stab: Sleeping          |       |     1 ||     1
  Eat: Chunk             |       |     3 ||     3
Armor: Robe              |    32 |     4 ||    36
Dodge: Dodged            |    58 |    16 ||    74

Table legend:
 A = Non-vault XP
 B = Vault XP
 C = Vault XP percentage of total XP
 D = Non-vault monster count
 E = Vault monster count
 F = Vault count percentage of total count
                 A         B        C        D         E       F
            +---------+---------+-------+---------+---------+-------
      Total |     139 |      37 |  21.0 |      39 |       1 |   2.5
            +---------+---------+-------+---------+---------+-------
        D:1 |      61 |       0 |   0.0 |      29 |       0 |   0.0
        D:2 |      78 |      37 |  32.2 |      10 |       1 |   9.1
            +---------+---------+-------+---------+---------+-------
